 Dungeon Crawl Stone Soup version 0.32-a0-996-gb3226c2 (webtiles) character file.

Game seed: 3163450529494080587

113933 csikos the Thaumaturge (level 15, -32/72 HPs)
             Began as a Spriggan Alchemist on Apr 23, 2024.
             Was a High Priest of Sif Muna.
             Killed by the raging water
             ... invoked by a water nymph
              (35 damage)
             ... on level 1 of the Shoals.
             The game lasted 02:09:49 (34974 turns).

csikos the Thaumaturge (Spriggan Alchemist)        Turns: 34974, Time: 02:09:53

Health: -32/72     AC:  7    Str:  4    XL:     15   Next: 90%
Magic:  23/43      EV: 16    Int: 23    God:    Sif Muna [*****.]
Gold:   954        SH:  0    Dex: 17    Spells: 3/43 levels left

rFire   + + .        r - +3 Elemental Staff {ele, rElec rF+ rC+ AC+3}
rCold   + + .        (shield currently unavailable)
rNeg    . . .        L - +2 robe {rC+}
rPois   +            d - +0 hat
rElec   +            x - scarf {repulsion}
rCorr   .            (gloves unavailable)
SInv    +            (boots unavailable)
Will    ++...        (no amulet)
Stlth   ++           Z - ring of fire
HPRegen 0.32/turn    t - ring "Sinwyjoe" {rPois rC+ MP+9 Stlth+}
MPRegen 0.28/turn

%: repel missiles
@: spiked, spewing sludge, very slightly contaminated, slow
A: very small, no large weapons, unfitting armour, see invisible, speed 3,
inability to read after injury 1
a: Renounce Religion, Channel Magic, Forget Spell, Divine Exegesis


You were on level 1 of the Shoals.
You worshipped Sif Muna.
Sif Muna was extremely pleased with you.
You visited 5 branches of the dungeon, and saw 24 of its levels.
You also visited: Bailey.

You collected 1746 gold pieces.
You spent 792 gold pieces at shops.

Inventory:

Hand Weapons
 c - the +6 arbalest of Amorality {heavy, rC+ Str+3}
   (You took it off an orc in a bailey)

   Str+3:     It affects your strength (+3).
   rC+:       It protects you from cold.
 r - the +3 Elemental Staff (weapon) {ele, rElec rF+ rC+ AC+3}
   (You took it off a deep elf pyromancer on level 11 of the Dungeon)

   AC+3:      It affects your AC (+3).
   rF+:       It protects you from fire.
   rC+:       It protects you from cold.
   rElec:     It insulates you from electricity.
 S - the +8 whip "Snakebite" {venom, curare, rPois}
   (You found it on level 2 of the Lair of Beasts)

   rPois:     It protects you from poison.
Missiles
 v - 31 poisoned darts
 C - 10 curare-tipped darts
Armour
 d - a +0 hat (worn)
 w - a +2 robe of fire resistance
 x - a scarf of repulsion (worn)
 A - +0 steam dragon scales
 K - a +2 robe of willpower
 L - a +2 robe of cold resistance (worn)
Magical Staves
 R - a staff of alchemy
 V - a staff of conjuration
Jewellery
 m - a ring of ice
 t - the ring "Sinwyjoe" (right hand) {rPois rC+ MP+9 Stlth+}
   (You acquired it on level 8 of the Dungeon)

   [ring of magical power]

   rC+:       It protects you from cold.
   rPois:     It protects you from poison.
   MP+9:      It affects your magic capacity (+9).
   Stlth+:    It makes you more stealthy.
 D - an amulet of faith
 T - a ring of willpower
 Z - a ring of fire (left hand)
Talismans
 N - a granite talisman
Wands
 l - a wand of mindburst (4)
 E - a wand of quicksilver (11)
 G - a wand of iceblast (29)
 H - a wand of digging (9)
 M - a wand of flame (59)
 U - a wand of paralysis (20)
 W - a wand of polymorph (5)
Scrolls
 a - 10 scrolls of identify
 g - 3 scrolls of torment
 i - a scroll of brand weapon
 j - 5 scrolls of poison
 k - 2 scrolls of fog
 n - 2 scrolls of vulnerability
 p - 10 scrolls of teleportation
 q - 5 scrolls of fear
 s - 5 scrolls of immolation
 y - 2 scrolls of amnesia
 z - 5 scrolls of blinking
 B - 6 scrolls of enchant armour
 J - 2 scrolls of revelation
 X - a scroll of summoning
Potions
 b - a potion of magic
 e - 2 potions of resistance
 f - a potion of mutation
 h - 2 potions of invisibility
 o - 4 potions of attraction
 u - 6 potions of might
 F - 6 potions of heal wounds
 I - 2 potions of enlightenment
 O - 3 potions of lignification
 P - a potion of haste
 Q - 12 potions of curing
 Y - 3 potions of ambrosia


   Skills:
 - Level 5.3 Fighting
 - Level 2.7 Dodging
 - Level 3.0 Stealth
 + Level 14.9 Spellcasting
 - Level 10.0 Conjurations
 - Level 11.8 Translocations
 + Level 10.1 Fire Magic
 + Level 10.1 Air Magic
 - Level 13.4 Alchemy
 - Level 6.4 Invocations


You had 3 spell levels left.
You knew the following spells:

 Your Spells              Type           Power      Damage    Failure   Level
a - Plasma Beam           Fire/Air       60%        2x1d76    9%          6
b - Mephitic Cloud        Conj/Alch/Air  80%        N/A       1%          3
c - Blink                 Tloc           100%       N/A       1%          2
d - Olgreb's Toxic Radia  Alch           68%        N/A       1%          4
e - Sticky Flame          Fire/Alch      100%       2d15      1%          4
f - Irradiate             Conj/Alch      31%        3d22      1%          5
g - Arcjolt               Conj/Air       38%        1d48      1%          5
h - Fireball              Conj/Fire      48%        3d19      1%          5
i - Eringya's Noxious Bo  Alch           34%        4d6       2%          6

Your spell library contained the following spells:

 Spells                   Type           Power      Damage    Failure   Level
 Apportation              Tloc           100%       N/A       1%          1
 Foxfire                  Conj/Fire      100%       2x1d9     1%          1
 Kiss of Death            Conj/Necr      100%       2d13      1%          1
 Magic Dart               Conj           100%       1d8       1%          1
 Sting                    Conj/Alch      100%       1d9       1%          1
 Lesser Beckoning         Tloc           100%       N/A       1%          2
 Mercury Vapours          Alch/Air       100%       N/A       1%          2
 Momentum Strike          Conj/Tloc      100%       3d10      1%          2
 Static Discharge         Conj/Air       100%       3-8/arc   1%          2
 Hailstorm                Conj/Ice       57%        3d11      1%          3
 Inner Flame              Hex/Fire       74%        N/A       1%          3
 Swiftness                Air            77%        N/A       1%          3
 Teleport Other           Tloc           64%        N/A       1%          3
 Volatile Blastmotes      Fire/Tloc      100%       2d18      1%          3
 Necrotise                Necr           68%        1d7       3%          1
 Ensorcelled Hibernation  Hex/Ice        50%        N/A       5%          2
 Jinxbite                 Hex            34%        N/A       5%          2
 Confusing Touch          Hex            17%        N/A       11%         3
 Fugue of the Fallen      Necr           17%        N/A       11%         3
 Sigil of Binding         Hex            17%        N/A       11%         3
 Vampiric Draining        Necr           17%        2d7       11%         3
 Airstrike                Air            38%        2d(6-22)  1%          4
 Fulminant Prism          Conj/Alch      31%        3d15      1%          4
 Iskenderun's Mystic Bla  Conj/Tloc      61%        2d13      (+2d71%     4
 Vhi's Electric Charge    Tloc/Air       100%       N/A       1%          4
 Alistair's Intoxication  Alch           45%        N/A       1%          5
 Iskenderun's Battlesphe  Conj           58%        2d11      1%          5
 Leda's Liquefaction      Alch/Erth      32%        N/A       2%          4
 Dimensional Bullseye     Hex/Tloc       22%        N/A       3%          4
 Brom's Barrelling Bould  Conj/Erth      57%        2d7       4%          4
 Dispersal                Tloc           32%        N/A       4%          6
 Gell's Gavotte           Tloc           32%        2d(25-38) 4%          6
 Silence                  Hex/Air        28%        N/A       12%         5
 Manifold Assault         Tloc           32%        N/A       22%         7
 Anguish                  Hex/Necr       8%         N/A       34%         4
 Dispel Undead            Necr           17%        3d10      34%         4
 Martyr's Knell           Necr/Summ      17%        N/A       34%         4
 Orb of Destruction       Conj           29%        9d9       43%         7
 Borgnjor's Vile Clutch   Necr/Erth      12%        N/A       67%         5
 Curse of Agony           Necr           17%        N/A       67%         5
 Metabolic Englaciation   Hex/Ice        12%        N/A       67%         5
 Disjunction              Tloc           32%        N/A       87%         8
 Fulsome Fusillade        Conj/Alch      31%        (3-5)d11  88%         8
 Ignition                 Fire           48%        3d14      98%         8
 Maxwell's Capacitive Co  Air            38%        ∞         98%         8
 Lehudib's Crystal Spear  Conj/Erth      28%        10d8      100%        8
 Chain Lightning          Conj/Air       38%        3d50      100%        9


Dungeon Overview and Level Annotations

Branches:
Dungeon (15/15)            Temple (1/1) D:7            Lair (5/5) D:11
 Shoals (1/4) Lair:2        Snake (0/4) Lair:3        Slime (0/5) Lair:4
    Orc (2/2) D:12            Elf (0/3) Orc:2        Vaults (0/5) D:14
 Depths (0/4) D:15         Bailey (visited)

Altars:
Ashenzari
Cheibriados
Dithmenos
Elyvilon
Fedhas
Gozag
Hepliaklqana
Kikubaaqudgha
Makhleb
Nemelex Xobeh
Okawaru
Qazlal
Ru
Sif Muna
Trog
Uskayaw
Vehumet
Wu Jian
Xom
Yredelemnul
Zin
The Shining One
Beogh
Jiyva

Shops:
D:2 :   Orc:2 *?=?

Annotations:
D:8 3 runed translucent doors, 9stopf's ghost, novice OpIE


Innate Abilities, Weirdness & Mutations

You are very small and have problems with some larger weapons.
You are too small for most types of armour.
You have supernaturally acute eyesight. (SInv)
You cover ground extremely quickly. (Speed+++)
You occasionally lose the ability to read scrolls when taking damage.


Message History

Casting: Fireball (dangerous; 1% risk of failure)
Confirm with . or Enter, or press ? or * to list all spells.
Casting: Eringya's Noxious Bog (dangerous; 2% risk of failure)
Press: ? - help, Dir - look around, f - activate You miscast Eringya's Noxious Bog.
You are very lightly contaminated with residual magic.
Parts of your body briefly turn golden. The water nymph touches you!
The water nymph drowns you!
Unknown command.
Casting: Eringya's Noxious Bog (dangerous; 2% risk of failure)
Confirm with . or Enter, or press ? or * to list all spells.
Casting: Eringya's Noxious Bog (dangerous; 2% risk of failure)
Press: ? - help, Dir - look around, f - activate Splash!
You fall into the toxic bog.
Moving in this stuff is going to be slow.
You spew toxic sludge!
The sea snake festers in the toxic bog!
The sea snake looks as sick as possible!
The sea snake festers in the toxic bog!
The sea snake looks as sick as possible!
The water nymph festers in the toxic bog!
The water nymph looks as sick as possible!
The water nymph gestures at you while chanting.
The water swirls and strikes you!!
* * * LOW HITPOINT WARNING * * *
The water nymph's watery aura covers some shallow water.
The water nymph's watery aura covers the floor.
The water nymph's watery aura covers some shallow water. x2
A merfolk comes into view. It is wielding a +0 halberd.
The sea snake festers in the toxic bog!
The sea snake looks as sick as possible!
The sea snake misses you.
Okay, then.
You feel much better.
The sea snake festers in the toxic bog!
The sea snake looks as sick as possible!
The sea snake bites you!
* * * LOW HITPOINT WARNING * * *
The water nymph gestures at you while chanting.
The water swirls and strikes you!!
You die...

#...# #.~≈≈≈~~~~~~≈
###....#####..~~~~.~~~≈
................~~~~~~≈
.##.........#[...~~~~~≈≈
...~~~~~~~>##..[^~~~~~≈≈
~~.~~~~~~~~#..~~~~~~~~~≈
~~~~~~~~~~~~..~~~~~~~~~≈
~~~~~~~~m~~~~~~~~≈~~~~≈≈
~~.~~~S@~~~~~~~~~~≈≈≈≈≈≈
~§§~~~~~~~~~~~~~~~≈≈≈≈≈≈
~§§~~~~~~~~~~~~~~≈≈≈≈≈≈
~~~§~~~~~~~....~~≈≈≈≈≈≈
m~~~~~~~~~.###.~~≈≈≈≈
..~~~~≈≈~?## .~~≈≈≈
..~~≈≈≈≈~~.~ ~~≈
..~~≈≈≈≈~~.~


You could see a sea snake (extremely poisoned), a merfolk and a water nymph
(extremely poisoned).

Vanquished Creatures
  Gastronok (Lair:2)
  3 orc warlords
  A stone giant (D:15)
  Azrael (D:12)
  A rakshasa (D:13)
  4 hydras
  A vault guard (D:14)
  A catoblepas (Lair:4)
  2 ogre magi
  Fannar (Lair:2)
  8 centaur warriors
  2 tengu warriors (D:15)
  10 two-headed ogres
  4 death yaks (Lair:5)
  4 boulder beetles
  5 orc high priests
  Sonja (D:13)
  5 skeletal warriors (D:14)
  A skyshark (Shoals:1)
  A fire crab (Lair:5)
  An arcanist (D:14)
  The ghost of awe1100 the Prestidigitator, a novice OpSh (D:6)
  2 deep elf pyromancers
  2 obsidian bats (Orc:2)
  7 manticores
  8 orc knights
  5 cyclopes
  7 orc sorcerers (Orc:2)
  3 ugly things
  2 kobold blastminers (Orc:2)
  10 elephants (Lair:5)
  A meliai (shapeshifter) (D:14)
  3 meliai (D:15)
  8 black mambas
  Joseph (D:8)
  4 gargoyles (D:11)
  6 cane toads
  4 yaktaurs (D:15)
  An efreet (D:11)
  10 komodo dragons
  2 unseen horrors
  A rime drake (Lair:5)
  A tengu conjurer (D:13)
  7 trolls
  A merfolk (Shoals:1)
  4 hornets
  5 polar bears
  A blink frog (shapeshifter) (D:15)
  25 blink frogs
  2 dream sheep (Lair:5)
  2 snapping turtles
  11 slime creatures
  Sigmund (D:2)
  A shadow (D:12)
  12 spriggans (Lair:5)
  A wraith (D:11)
  3 wyverns
  Eustachio (D:4)
  3 fire elementals
  A water elemental (Lair:2)
  13 yaks
  2 hogs (D:12)
  4 basilisks
  A human (D:12)
  A basilisk (shapeshifter) (D:13)
  4 wargs
  3 vampire mosquitoes (D:12)
  3 steam dragons
  Menkaure (D:4)
  Edmund (D:4)
  An acid dragon (D:12)
  22 water moccasins
  3 hell hounds (D:12)
  66 orc warriors
  3 ice beasts
  2 black bears
  5 boggarts (Lair:5)
  15 centaurs
  14 ogres
  25 wolves
  A phantom (D:5)
  3 kobold brigands
  15 bullfrogs
  3 scorpions
  A gnoll sergeant (D:10)
  18 wights
  6 killer bees (D:10)
  2 howler monkeys
  4 electric eels
  5 hounds
  3 quasits (D:6)
  2 gnoll boudas
  2 jellies
  35 orc priests
  6 iguanas
  25 orc wizards
  24 gnolls
  14 adders
  2 shadow imps
  A white imp (D:6)
  2 ribbon worms (D:5)
  7 dart slugs
  112 orcs
  4 ball pythons
  4 endoplasms (D:1)
  2 giant cockroaches
  21 hobgoblins
  4 jackals (D:3)
  7 quokkas
  8 bats
  3 frilled lizards
  18 goblins
  19 kobolds
  2 rats
802 creatures vanquished.

Vanquished Creatures (others)
  An ogre (D:12)
1 creature vanquished.

Grand Total: 803 creatures vanquished

Notes
Turn   | Place    | Note
-------+----------+-------------------------------------------
     0 | D:1      | csikos the Spriggan Alchemist began the quest for the Orb.
     0 | D:1      | Reached XP level 1. HP: 9/9 MP: 5/5
   195 | D:1      | Reached XP level 2. HP: 13/13 MP: 1/6
   277 | D:1      | Reached skill level 3 in Spellcasting
   880 | D:1      | Reached XP level 3. HP: 16/16 MP: 5/8
   975 | D:1      | Found a faded altar of an unknown god.
  1384 | D:2      | Noticed Sigmund
  1391 | D:2      | Learned a level 3 spell: Mephitic Cloud
  1727 | D:2      | Found Pesib's Book Boutique.
  1910 | D:3      | Reached skill level 4 in Spellcasting
  1910 | D:3      | Reached XP level 4. HP: 21/21 MP: 7/11
  2242 | D:3      | Learned a level 2 spell: Blink
  2395 | D:3      | Learned a level 4 spell: Olgreb's Toxic Radiance
  2593 | D:3      | Reached skill level 5 in Alchemy
  2933 | D:4      | Reached XP level 5. HP: 24/24 MP: 9/13
  2968 | D:4      | Noticed Menkaure
  3198 | D:4      | Reached skill level 5 in Spellcasting
  3301 | D:5      | Entered Level 5 of the Dungeon
  3405 | D:5      | Reached XP level 6. HP: 28/28 MP: 12/15
  3520 | D:5      | Reached skill level 6 in Spellcasting
  3916 | D:5      | Reached XP level 7. HP: 32/32 MP: 2/18
  4212 | D:4      | Reached skill level 7 in Spellcasting
  4341 | D:4      | Noticed Edmund
  4368 | D:4      | Killed Edmund
  4659 | D:4      | Noticed Eustachio
  4672 | D:4      | Killed Eustachio
  5016 | D:3      | Learned a level 4 spell: Sticky Flame
  5222 | D:5      | Reached skill level 8 in Spellcasting
  5225 | D:5      | Reached XP level 8. HP: 36/36 MP: 12/21
  6056 | D:6      | Reached skill level 9 in Spellcasting
  6244 | D:6      | Noticed awe1100's ghost (novice OpSh)
  6253 | D:6      | Found a transporter.
  6573 | D:6      | Found a transporter.
  6757 | D:6      | Reached skill level 10 in Spellcasting
  7043 | D:7      | Reached XP level 9. HP: 39/39 MP: 15/24
  7198 | D:7      | Reached skill level 10 in Alchemy
  7283 | D:7      | Found a stormy altar of Qazlal.
  7327 | D:7      | Reached skill level 1 in Fire Magic
  7555 | D:7      | Found a staircase to the Ecumenical Temple.
  7576 | Temple   | Entered the Ecumenical Temple
  7588 | Temple   | Became a worshipper of Sif Muna the Loreminder
  7735 | D:7      | Reached skill level 11 in Spellcasting
  8028 | D:8      | Reached skill level 1 in Translocations
  8186 | D:8      | Found a flagged portal.
  8190 | Bailey   | Entered a bailey
  8292 | Bailey   | Reached * piety under Sif Muna
  8300 | Bailey   | Reached skill level 12 in Spellcasting
  8300 | Bailey   | Reached skill level 5 in Translocations
  8401 | Bailey   | Noticed an orc knight
  8418 | Bailey   | Killed an orc knight
  8419 | Bailey   | Reached XP level 10. HP: 44/44 MP: 6/27
  8537 | Bailey   | Noticed an orc knight
  8564 | Bailey   | Killed an orc knight
  8572 | Bailey   | Noticed an orc knight
  8699 | Bailey   | Killed an orc knight
  8700 | Bailey   | Reached skill level 13 in Spellcasting
  8867 | Bailey   | Reached ** piety under Sif Muna
  8997 | Bailey   | Identified the +6 arbalest of Amorality {heavy, rC+ Str+3}
  9071 | Bailey   | Noticed an orc warlord
  9167 | Bailey   | Killed an orc warlord
  9168 | Bailey   | Reached skill level 10 in Translocations
  9698 | D:8      | Reached skill level 14 in Spellcasting
  9802 | D:8      | Acquired the ring "Sinwyjoe" {rPois rC+ MP+9 Stlth+}
  9900 | D:8      | Noticed Joseph
  9915 | D:8      | Killed Joseph
 10044 | D:8      | Found a runed translucent gate.
 10045 | D:8      | Found a runed translucent gate.
 10045 | D:8      | Noticed 9stopf's ghost (novice OpIE)
 10046 | D:8      | Found a runed translucent gate.
 10046 | D:8      | Noticed a nine-headed hydra
 10620 | D:9      | Noticed a manticore
 10646 | D:9      | Killed a manticore
 10647 | D:9      | Reached XP level 11. HP: 47/47 MP: 15/30
 10788 | D:9      | Found a shimmering altar of Xom.
 10869 | D:9      | Noticed a two-headed ogre
 10884 | D:9      | Killed a two-headed ogre
 11091 | D:9      | You fall into a shaft and drop 3 floors!
 11242 | D:12     | Noticed Azrael
 11324 | D:11     | Found a staircase to the Lair.
 11337 | D:11     | Noticed a two-headed ogre
 11339 | D:11     | Reached skill level 1 in Fighting
 11339 | D:11     | Reached skill level 1 in Invocations
 11349 | D:11     | Reached *** piety under Sif Muna
 11364 | D:11     | Killed a two-headed ogre
 11564 | D:10     | Entered Level 10 of the Dungeon
 11828 | D:4      | Killed Menkaure
 11881 | D:2      | Bought a book of Spontaneous Combustion for 494 gold pieces
 11892 | D:2      | Killed Sigmund
 11893 | D:2      | Reached skill level 1 in Conjurations
 12066 | D:2      | Learned a level 5 spell: Irradiate
 12189 | D:6      | Killed awe1100's ghost
 12498 | D:10     | Found a snail-covered altar of Cheibriados.
 12649 | D:10     | Found a glowing silver altar of Zin.
 13186 | D:11     | Noticed a deep elf pyromancer
 13200 | D:11     | Killed a deep elf pyromancer
 13684 | D:11     | Reached skill level 5 in Conjurations
 13774 | D:11     | Reached XP level 12. HP: 35/56 MP: 24/31
 13894 | D:11     | Noticed a boulder beetle
 13904 | D:11     | Killed a boulder beetle
 14483 | D:12     | Noticed a two-headed ogre
 14486 | D:12     | Noticed a two-headed ogre
 14499 | D:12     | Killed a two-headed ogre
 14501 | D:12     | Noticed an ogre mage
 14502 | D:12     | Noticed a two-headed ogre
 14504 | D:12     | Noticed a two-headed ogre
 14506 | D:12     | Killed an ogre mage
 14510 | D:12     | Killed a two-headed ogre
 14620 | D:12     | Reached **** piety under Sif Muna
 14621 | D:12     | Found a staircase to the Orcish Mines.
 14718 | D:12     | Noticed a two-headed ogre
 14730 | D:12     | Killed a two-headed ogre
 14820 | D:12     | Killed a two-headed ogre
 15056 | D:12     | Killed a two-headed ogre
 15390 | Orc:1    | Entered Level 1 of the Orcish Mines
 15396 | Orc:1    | Reached skill level 5 in Invocations
 15484 | Orc:1    | Found a burning altar of Makhleb.
 15486 | Orc:1    | Reached ***** piety under Sif Muna
 15620 | Orc:1    | Reached skill level 5 in Fighting
 15789 | Orc:1    | Noticed an orc high priest
 15803 | Orc:1    | Killed an orc high priest
 16324 | Orc:2    | Entered Level 2 of the Orcish Mines
 16325 | Orc:2    | Received a gift from Sif Muna
 16359 | Orc:2    | Got Sif Muna's Incunable of Grounded Hoarfrost {god gift}
 16384 | Orc:2    | Reached XP level 13. HP: 63/63 MP: 32/32
 16387 | Orc:2    | Reached skill level 1 in Air Magic
 17259 | Orc:2    | Learned a level 5 spell: Arcjolt
 17388 | Orc:2    | Received a gift from Sif Muna
 17389 | Orc:2    | Got Cerebov's Folio of the Discharge and Causimancy {god
                  | gift}
 17495 | Orc:2    | Noticed an orc warlord
 17525 | Orc:2    | Killed an orc warlord
 17862 | Orc:2    | Found Oriwn's General Store.
 17871 | Orc:2    | Bought a scroll of identify for 22 gold pieces
 17910 | Orc:2    | Gained mutation: You occasionally lose the ability to read
                  | scrolls when taking damage. [a neqoxec]
 17939 | Orc:2    | Reached skill level 5 in Air Magic
 18152 | Orc:2    | Found a roughly hewn altar of Beogh.
 18334 | Orc:2    | Found Vina's Magic Scroll Emporium.
 18342 | Orc:2    | Bought a scroll of poison for 60 gold pieces
 18342 | Orc:2    | Bought a scroll of fear for 60 gold pieces
 18342 | Orc:2    | Bought a scroll of identify for 30 gold pieces
 18829 | Orc:2    | Found a staircase to the Elven Halls.
 19446 | Orc:2    | Found a roughly hewn altar of Beogh.
 19513 | Orc:2    | Noticed an orc warlord
 19528 | Orc:2    | Killed an orc warlord
 20039 | Orc:2    | Found Qostrecku's Magic Scroll Boutique.
 20044 | Orc:2    | Bought a scroll of blinking for 82 gold pieces
 20044 | Orc:2    | Bought 2 scrolls of identify for 44 gold pieces
 20051 | Orc:2    | Found Dael Ymi's Jewellery Shop.
 20726 | D:12     | Killed Azrael
 20959 | D:13     | Noticed Sonja
 20973 | D:13     | Reached XP level 14. HP: 39/68 MP: 16/33
 20978 | D:13     | Killed Sonja
 21724 | D:13     | Received a gift from Sif Muna
 21725 | D:13     | Got Sif Muna's Tome of Destruction and Ouranomancy {god
                  | gift}
 21903 | D:13     | Learned a level 5 spell: Fireball
 22834 | D:14     | Identified the +5 war axe "Axiuriav" {flame, MP+9 Str+2}
 23506 | D:14     | Reached skill level 5 in Fire Magic
 23903 | D:14     | Identified the +4 flail "Guobloh" {freeze, rPois Str+4}
 24398 | D:14     | Found a gate to the Vaults.
 24591 | D:15     | Entered Level 15 of the Dungeon
 25023 | D:15     | Found a staircase to the Depths.
 25024 | D:15     | Noticed a stone giant
 25162 | D:15     | Reached skill level 10 in Conjurations
 25527 | D:15     | Found a radiant altar of Vehumet.
 25551 | D:15     | Learned a level 6 spell: Eringya's Noxious Bog
 25859 | D:15     | Killed a stone giant
 26780 | Lair:1   | Entered Level 1 of the Lair of Beasts
 27239 | Lair:1   | Reached skill level 10 in Air Magic
 27440 | Lair:1   | Reached XP level 15. HP: 72/72 MP: 32/34
 27936 | Lair:2   | Noticed Fannar
 27940 | Lair:2   | Killed Fannar
 28034 | Lair:3   | Found a snail-covered altar of Cheibriados.
 28039 | Lair:3   | Received a gift from Sif Muna
 28040 | Lair:3   | Got Sif Muna's Lectures on Hyletic Points {god gift}
 28204 | Lair:3   | Found a staircase to the Snake Pit.
 28425 | Lair:5   | Entered Level 5 of the Lair of Beasts
 29966 | Lair:5   | Reached ****** piety under Sif Muna
 29966 | Lair:5   | Received a gift from Sif Muna
 29967 | Lair:5   | Got Sif Muna's Essays on Enchanted Lightning {god gift}
 30086 | Lair:5   | Got an earthy gem with 976 turns to spare
 30763 | Lair:5   | Reached skill level 10 in Fire Magic
 31007 | Lair:4   | Found a staircase to the Slime Pits.
 31007 | Lair:4   | Found a viscous altar of Jiyva.
 32856 | Lair:3   | Learned a level 6 spell: Plasma Beam
 33190 | Lair:2   | Noticed Gastronok
 33192 | Lair:2   | Killed Gastronok
 33898 | Lair:2   | Found the +8 whip "Snakebite" {venom, curare, rPois}
 34083 | Lair:2   | Found a staircase to the Shoals.
 34818 | Shoals:1 | Entered Level 1 of the Shoals
 34973 | Shoals:1 | HP: 3/72 [water nymph/the raging water (29)]
 34974 | Shoals:1 | Killed from afar by a water nymph

Illustrated notes

Levels and vault maps discovered:
D:1:      lightli_arrival_quake, layout_basic,
          hellmonk_ecumenical_altar_leap_of_faith, minivault_27
D:2:      layout_rooms, serial_shops, shop, uniq_sigmund
D:3:      layout_loops_corners
D:4:      layout_loops_ring, kennysheep_cross_room, uniq_edmund, uniq_eustachio,
          uniq_menkaure
D:5:      layout_loops_ring, serial_glass, glass_columns_a, glass_columns_b,
          glass_columns_c, glass_columns_b, glass_columns_a
D:6:      layout_loops_corners, gammafunk_ghost_stat_death
D:7:      layout_rooms, nicolae_qazlal_style_of_elements, temple_green,
          serial_glass, glass_columns_c, glass_columns_a, minmay_misc_feat_five
D:8:      layout_loops_ring, gammafunk_ghost_hydra_chop, enter_bailey_1,
          grunt_ministairs_3, nrook_pool_corridor, uniq_joseph
D:9:      layout_basic, mainiacjoe_overflow_paths
D:10:     layout_irregular_city, mainiacjoe_overflow_24_doors,
          kennysheep_mini_moat, serial_library_hellmonk_small_alcove,
          hangedman_abyss_or_decor_slice
D:11:     layout_loops_ring, dpeg_lair_monsters,
          dilly_guarded_unrand_elemental_staff
D:12:     layout_rooms, david_orc_2, grunt_livestock, uniq_azrael
D:13:     layout_basic, uniq_sonja
D:14:     layout_roguey, david_vaults_5
D:15:     grunt_enter_depths_giant_problem, layout_irregular_city,
          minmay_misc_feat_pillars, nrook_uturn, fiery_altar_vehumet
Temple:   nicolae_temple_bog_church
Lair:1:   layout_regular_city, grunt_megastairs_1, serial_bayou_shore_a
Lair:2:   minmay_guarded_unrand_snakebite, layout_layer_cave,
          minmay_shoals_entry_hut, uniq_fannar, uniq_gastronok
Lair:3:   layout_roguey, minmay_snake_entry_six_corridors, basic_altar
Lair:4:   layout_regular_city, slime_entry_1
Lair:5:   minmay_lair_end_enchanted_forest, layout_gridlike
Shoals:1: layout_shoals, st_cyclops
Orc:1:    layout_caves, basic_altar
Orc:2:    pubby_orc_utopia

Skill      XL: |  1  2  3  4  5  6  7  8  9 10 11 12 13 14 15 |
---------------+----------------------------------------------+-----
Spellcasting   | 3 4 5 6 8 10 12 14 | 14.9
Alchemy        | 4 5 6 8 9 10 13 | 13.4
Fire Magic     | 2 3 7 10 | 10.1
Translocations | 6 11 | 11.8
Fighting       | 2 5 |  5.3
Invocations    | 3 6 |  6.4
Conjurations   | 5 8 9 10 | 10.0
Air Magic      | 8 10 | 10.1
Dodging        | |  2.7
Stealth        | |  3.0

Action                     |  1- 3 |  4- 6 |  7- 9 | 10-12 | 13-15 || total
---------------------------+-------+-------+-------+-------+-------++-------
  Melee: Unarmed           |     2 |       |       |       |       ||     2
         Dagger            |     9 |       |       |       |       ||     9
         Short sword       |     2 |     3 |    33 |       |       ||    38
         Staff             |       |       |    18 |   124 |   122 ||   264
   Fire: Arbalest          |       |       |       |     3 |       ||     3
  Throw: Dart              |       |       |       |     4 |       ||     4
   Cast: Sting             |    81 |    93 |    89 |    92 |    58 ||   413
         Mephitic Cloud    |       |     1 |     7 |    48 |    60 ||   116
         Olgreb's Toxic Ra |       |     5 |    32 |   133 |   183 ||   353
         Blink             |       |       |     4 |     5 |     2 ||    11
         Sticky Flame      |       |       |    15 |    23 |    35 ||    73
         Irradiate         |       |       |       |    14 |    16 ||    30
         Arcjolt           |       |       |       |       |    75 ||    75
         Fireball          |       |       |       |       |   187 ||   187
         Eringya's Noxious |       |       |       |       |    16 ||    16
         Plasma Beam       |       |       |       |       |    15 ||    15
  Evoke: Wand              |       |       |       |     1 |       ||     1
    Use: Scroll            |       |       |     8 |     7 |    11 ||    26
         Potion            |       |       |     1 |     3 |     1 ||     5
   Stab: Confused          |       |       |     1 |    10 |     8 ||    19
 Armour: Robe              |    13 |    11 |    10 |       |     6 ||    40
         Steam dragon scal |       |       |    21 |    73 |   130 ||   224
  Dodge: Dodged            |    38 |    22 |    65 |   176 |   158 ||   459
         Repelled          |       |       |     3 |    11 |    28 ||    42

Table legend: (Time is in decaauts)
 A = Elapsed time spent in this place.
 B = Non-inter-level travel time spent in this place.
 C = Inter-level travel time spent in this place.
 D = Time resting spent in this place.
 E = Time spent auto-exploring this place.
 F = Levels seen in this place.
 G = Mean time per level.
                   A        B        C        D        E       F      G
               +--------+--------+--------+--------+--------+-----+--------+
         Total |  28105 |  27144 |    961 |   5417 |  16752 |  25 | 1124.2 |
       Dungeon |  15993 |  15325 |    668 |   2736 |   9772 |  15 | 1066.2 |
        Temple |     15 |      2 |     13 |      0 |      0 |   1 |   15.0 |
          Lair |   6396 |   6211 |    185 |   1162 |   4192 |   5 | 1279.2 |
        Shoals |     66 |     66 |      0 |      7 |     20 |   1 |   66.0 |
  Orcish Mines |   4390 |   4296 |     94 |   1014 |   2459 |   2 | 2195.0 |
        Bailey |   1242 |   1242 |      0 |    497 |    307 |   1 | 1242.0 |
               +--------+--------+--------+--------+--------+-----+--------+

Top non-repeatable levels by time:
   Orc:2: 3590 daAuts
  Lair:5: 2084 daAuts
    D:15: 1787 daAuts
    D:14: 1643 daAuts
  Lair:2: 1573 daAuts
    D:13: 1398 daAuts
    D:12: 1353 daAuts
  Bailey: 1242 daAuts
     D:6: 1223 daAuts
    D:11: 1211 daAuts
     D:5: 1091 daAuts
     D:1: 1055 daAuts
     D:4: 1015 daAuts
  Lair:4: 1007 daAuts
  Lair:1: 946 daAuts
